 Dungeon Crawl Stone Soup version 0.27.0-1-g7a089689b8 (webtiles) character file.

Game seed: 594395415259274882

39 infcreate the Skirmisher (level 3, 24/24 HPs)
             Began as a Gargoyle Fighter on Aug 6, 2021.
             Quit the game on level 1 of the Dungeon.
             The game lasted 00:01:09 (665 turns).

infcreate the Skirmisher (Gargoyle Fighter)          Turns: 665, Time: 00:01:09

Health: 24/24      AC: 11    Str: 19    XL:     3   Next: 47%
Magic:  3/3        EV:  7    Int:  9    God:
Gold:   21         SH:  9    Dex:  9    Spells: 2/2 levels left

rFire    . . .     SeeInvis .   a - +0 flail
rCold    . . .     Faith    .   c - +0 kite shield
rNeg     + . .     Spirit   .   b - +0 scale mail
rPois    ∞         Reflect  .   f - +1 hat
rElec    +         Harm     .   (no cloak)
rCorr    .         Rampage  .   (no gloves)
Will     .....                  (no boots)
Stlth    ..........             (no amulet)
HPRegen  0.08/turn              (no ring)
MPRegen  0.08/turn              (no ring)

@: no status effects
A: sickness immunity, AC +3, negative energy resistance 1, electricity
resistance, torment resistance 1, petrification resistance
a: no special abilities


You were on level 1 of the Dungeon.
You visited 1 branch of the dungeon, and saw 1 of its levels.

You collected 21 gold pieces.


Innate Abilities, Weirdness & Mutations

You are immune to sickness and miasma.
Your stone body is resilient. (AC +3)
You are immune to poison.
You resist negative energy. (rN+)
You are resistant to electric shocks. (rElec)
You are resistant to unholy torment.
You are immune to petrification.


   Skills:
 + Level 3.7 Fighting
 + Level 2.5 Maces & Flails
 + Level 3.7 Armour
 + Level 3.7 Shields


You had 2 spell levels left.
You didn't know any spells.
Your spell library was empty.

Inventory:

Hand Weapons
 a - a +0 flail (weapon)
Armour
 b - a +0 scale mail (worn)
 c - a +0 kite shield (worn)
 f - a +1 hat (worn)
Scrolls
 e - a scroll of immolation {unknown}
Potions
 d - a potion of might

Dungeon Overview and Level Annotations

Branches:
Dungeon (1/15)

Altars:

Shops:
D:1

*
################
##
#>..............
..
#.##.##.#.......
##
#.##.#..@...b...
#.##.#..........
#.##.#.....[....
#.##........#...
#.####.#.#### ..
#....#.#.. .
####.##.#.###
#.........# .####
#.........#######
.....


You could see a bat.


Message History

You kill the dart slug!
You open the door.
A hobgoblin comes into view.
The hobgoblin shouts!
There is an open door here.
A hobgoblin is nearby!
You barely miss the hobgoblin.
The hobgoblin hits you but does no damage.
You thump the hobgoblin!
You kill the hobgoblin!
No target in view!
Found a stone staircase leading down.
A frilled lizard comes into view.
The frilled lizard hisses angrily.
A frilled lizard is nearby!
Your shield prevents you from hitting the frilled lizard.
The frilled lizard bites you.
You closely miss the frilled lizard. The frilled lizard bites you.
You block the frilled lizard's attack.
You miss the frilled lizard.
The frilled lizard bites you but does no damage.
You sock the frilled lizard!
You kill the frilled lizard!
No target in view!
There is a stone staircase leading down here.
Found a robe.
A bat comes into view.
A bat is nearby!
A bat is nearby!
Are you sure you want to abandon this character and quit the game? (Confirm with "yes".)

Action                   || total
-------------------------++-------
Melee: Flail             ||    81
Armor: Scale mail        ||    36
Dodge: Dodged            ||    24
Block: Kite shield       ||    49

Levels and vault maps discovered:
D:1:      dpeg_arrival_lava_altar, layout_basic,
          hellmonk_ecumenical_altar_pennies_from_heaven, serial_shops,
          nicolae_shop_temple_entry_statues_fountains

Notes
Turn   | Place    | Note
-------+----------+-------------------------------------------
     0 | D:1      | infcreate the Gargoyle Fighter began the quest for the Orb.
     0 | D:1      | Reached XP level 1. HP: 14/14 MP: 1/1
    39 | D:1      | Reached XP level 2. HP: 14/19 MP: 2/2
   133 | D:1      | Found Cups's Assorted Antiques.
   427 | D:1      | Reached XP level 3. HP: 24/24 MP: 3/3
   480 | D:1      | Found a faded altar of an unknown god.
   665 | D:1      | Quit the game

Vanquished Creatures
  A gnoll (D:1)
  A dart slug (D:1)
  4 ball pythons (D:1)
  2 endoplasms (D:1)
  4 giant cockroaches (D:1)
  4 goblins (D:1)
  3 hobgoblins (D:1)
  A bat (D:1)
  2 frilled lizards (D:1)
  3 rats (D:1)
25 creatures vanquished.

Table legend: (Time is in decaauts)
 A = Elapsed time spent in this place.
 B = Non-inter-level travel time spent in this place.
 C = Inter-level travel time spent in this place.
 D = Time resting spent in this place.
 E = Time spent auto-exploring this place.
 F = Levels seen in this place.
 G = Mean time per level.
                   A        B        C        D        E       F      G
               +--------+--------+--------+--------+--------+-----+--------+
         Total |    708 |    708 |      0 |      0 |    511 |   1 |  708.0 |
       Dungeon |    708 |    708 |      0 |      0 |    511 |   1 |  708.0 |
               +--------+--------+--------+--------+--------+-----+--------+

Top non-repeatable levels by time:
     D:1: 708 daAuts

Table legend:
 A = Non-vault XP
 B = Vault XP
 C = Vault XP percentage of total XP
 D = Non-vault monster count
 E = Vault monster count
 F = Vault count percentage of total count
                 A         B        C        D         E       F
            +---------+---------+-------+---------+---------+-------
      Total |      57 |       0 |   0.0 |      25 |       0 |   0.0
            +---------+---------+-------+---------+---------+-------
        D:1 |      57 |       0 |   0.0 |      25 |       0 |   0.0
            +---------+---------+-------+---------+---------+-------
